Cogmind - Beta 11 X5 @@@ ROGUE MODE // 2021.06.20 @ 19:38:21 Player: Exp. Geonium Core Result: Destroyed by DAS Turret with DAS Cannon Performance ------------- Evolutions (0) 0 Regions Visited (3) 600 Robots Destroyed (4) 20 Value Destroyed (40) 40 Prototype IDs (23) 460 Alien Tech Used (0) 0 Bonus (276) 276 TOTAL SCORE: 1396 Bonus ------- Aligned with FarCom 300 Friendly Fire -24 Cogmind --------- Core Integrity 0/250 Matter 282/300 Energy 250/250 System Corruption 0% Temperature Cool (0) Movement Core (600) Ox11 Location -10/Exiles Parts ------- > --- POWER (1) -------- Ion Engine > --- PROPULSION (2) --- (None) > --- UTILITY (2) ------ Large Storage Unit > --- WEAPON (2) ------- AWS/Gauss > --- INVENTORY (15) --- Large Storage Unit Army-in-a-Box (30/30) Light Assault Rifle Light Assault Rifle Light Assault Rifle AWS/Autocannon Peak State ------------ > --- POWER ------------ Ion Engine > --- PROPULSION ------- Aluminum Leg Aluminum Leg > --- UTILITY ---------- Large Storage Unit > --- WEAPON ----------- AWS/Gauss > --- INVENTORY -------- Large Storage Unit Army-in-a-Box Light Assault Rifle Light Assault Rifle Light Assault Rifle AWS/Autocannon [Rating: 28] Favorites ----------- Power Ion Engine Engine Ion Engine Propulsion Aluminum Leg Leg Aluminum Leg Utility Large Storage Unit Storage Large Storage Unit Weapon Light Assault Rifle Ballistic Gun Light Assault Rifle Build | -11 -10 -10 -10 ------- Run | Scr Mat Min Exi Slots Evolved . | . . . . Power . | . . . . Propulsion . | . . . . Utility . | . . . . Weapon . | . . . . Parts Attached 11 | 5 2 . 4 Power 1 | 1 . . . Engine 1 | 1 . . . Core . | . . . . Reactor . | . . . . Propulsion 2 | 2 . . . Treads . | . . . . Leg 2 | 2 . . . Wheel . | . . . . Hover . | . . . . Flight . | . . . . Utility 3 | . 2 . 1 Device . | . . . . Storage 3 | . 2 . 1 Processor . | . . . . Hackware . | . . . . Protection . | . . . . Artifact . | . . . . Weapon 5 | 2 . . 3 Energy Gun . | . . . . Energy Cannon . | . . . . Ballistic Gun 5 | 2 . . 3 Ballistic Cannon . | . . . . Launcher . | . . . . Special Weapon . | . . . . Impact Weapon . | . . . . Slashing Weapon . | . . . . Piercing Weapon . | . . . . Special Melee Weapon . | . . . . Unidentified Prototypes . | . . . . Parts Lost 2 | . . . 2 Power . | . . . . Propulsion 2 | . . . 2 Utility . | . . . . Weapon . | . . . . Highest Loss Streak 2 | . . . 2 Average Slot Usage (%) 75 | . 79 71 76 Engine 14 | . 14 14 14 Leg 27 | . 28 28 26 Storage 5 | . 8 . 7 Ballistic Gun 27 | . 28 28 27 Naked Turns . | . . . . Heaviest Build 47 | 7 47 7 35 Greatest Support 20 | 20 20 20 20 Greatest Overweight (x) 11 | . 2 . 11 Average Overweight (x) . | . . . . Largest Inventory Capacity 15 | 5 15 5 15 Average Capacity 8 | 5 8 5 10 Most Carried 15 | 1 2 3 15 Average Carried 4 | . 1 3 7 Final Capacity 15 | 5 15 5 15 Final Carried 13 | 1 2 3 13 Class Distribution -------------------- 100% | Mutant Dominant Class ---------------- Mutant | -10/Materials Mutant | -10/Mines Mutant | -10/Exiles Resources | -11 -10 -10 -10 ----------- Run | Scr Mat Min Exi Matter Collected 297 | 246 . 38 13 Remotely . | . . . . Salvage Created 49 | . . 38 11 Parts 12 | . . 9 3 Haulers Intercepted . | . . . . Recyclers Shooed . | . . . . Parts Field Recycled . | . . . . Retrieved Matter . | . . . . Parts Self-Destructed . | . . . . Prevented . | . . . . Kills | -11 -10 -10 -10 ------- Run | Scr Mat Min Exi Combat Hostiles Destroyed 3 | . . 3 . Guns 3 | . . 3 . Classes Destroyed 2 | . . 1 1 Swarmer 3 | . . 3 . Zionite 1 | . . . 1 Best Kill Streak 3 | . . 3 1 Combat Bots Only 3 | . . 3 . Max Kills in Single Turn 1 | . . 1 1 Gunslinging . | . . . . Exploded . | . . . . Melee . | . . . . Uniques/NPCs Destroyed . | . . . . Combat | -11 -10 -10 -10 -------- Run | Scr Mat Min Exi Damage Taken 923 | . 254 58 611 Core 273 | . 57 20 196 Absorbed by Shields . | . . . . Core Remaining (%) 100 | 100 . . . Volleys Fired 8 | . . 7 1 Largest 2 | . . 2 1 Hottest 40 | . . 40 20 Shots Fired 31 | . . 14 17 Gun 31 | . . 14 17 Cannon . | . . . . Launcher . | . . . . Special . | . . . . Kinetic 31 | . . 14 17 Thermal . | . . . . Explosive . | . . . . Electromagnetic . | . . . . Robot Hit Streak 5 | . . 5 4 Robot Miss Streak 3 | . . 3 3 Penetration Max . | . . . . Secondary Targets . | . . . . Autonomous 16 | . . . 16 Shots Hit Robots 16 | . . 8 8 Core Hits 6 | . . 4 2 Critical Kills . | . . . . Critical Parts Destroyed . | . . . . Critical Strikes . | . . . . Melee Attacks . | . . . . Impact . | . . . . Slashing . | . . . . Piercing . | . . . . Sneak Attacks . | . . . . Combat Hostiles . | . . . . Follow-up Attacks . | . . . . Damage Inflicted 259 | . . 64 195 Guns 259 | . . 64 195 Cannons . | . . . . Explosions . | . . . . Melee . | . . . . Ramming . | . . . . Kinetic 259 | . . 64 195 Thermal . | . . . . Explosive . | . . . . Electromagnetic . | . . . . Impact . | . . . . Slashing . | . . . . Piercing . | . . . . Highest Corruption . | . . . . Average Corruption . | . . . . Corruption Purged . | . . . . Overload Shots . | . . . . Overflow Damage . | . . . . Projectiles . | . . . . Explosions . | . . . . Melee . | . . . . Knockbacks . | . . . . Impact . | . . . . Kinetic . | . . . . Secondary . | . . . . Self-Inflicted Damage . | . . . . Shots . | . . . . Rammed . | . . . . Targets Rammed . | . . . . Kicked . | . . . . Crushed . | . . . . Highest Temperature . | . . . . Average Temperature . | . . . . Received Heat Transfer 138 | . 138 . . Siege Activations . | . . . . Robots Corrupted . | . . . . Combat Hostiles . | . . . . Parts Fried . | . . . . Impact Corruptions . | . . . . Robots Melted . | . . . . Combat Hostiles . | . . . . Parts Melted . | . . . . Heat Transferred . | . . . . Parts Sabotaged . | . . . . Parts Stolen . | . . . . Parts Stripped . | . . . . Power Chain Reactions . | . . . . Missiles Intercepted . | . . . . Alert | -11 -10 -10 -10 ------- Run | Scr Mat Min Exi Peak Influence 75 | . 15 75 . Initial 5 | . . 5 . Average 42 | . 7 68 . Maximum Alert Level . | . . . . Low Security (%) 100 | 100 100 100 . Level 1 . | . . . . Level 2 . | . . . . Level 3 . | . . . . Level 4 . | . . . . Level 5 . | . . . . High Security . | . . . . Max Security . | . . . . Squads Dispatched . | . . . . Investigation . | . . . . Extermination . | . . . . Reinforcement . | . . . . Assault . | . . . . Garrison . | . . . . Intercept . | . . . . Construction Impeded . | . . . . Haulers Reinforced . | . . . . Cargo Convoy Interrupts . | . . . . Stealth | -11 -10 -10 -10 --------- Run | Scr Mat Min Exi Distress Signals . | . . . . Communications Jammed . | . . . . Distress Signals . | . . . . Times Spotted 22 | . 4 3 15 Peak Tracking Total 12 | . 4 3 12 Tactical Retreats 1 | . . . 1 Traps | -11 -10 -10 -10 ------- Run | Scr Mat Min Exi Traps Triggered . | . . . . Indirectly . | . . . . Trap Hack Attempts . | . . . . Triggered . | . . . . Disarmed . | . . . . Reprogrammed . | . . . . Reused . | . . . . Traps Extracted . | . . . . Installed . | . . . . Triggered . | . . . . Machines | -11 -10 -10 -10 ---------- Run | Scr Mat Min Exi Machines Disabled 5 | . . . 5 Max in Single Turn 1 | . . . 1 Machines Sabotaged . | . . . . Garrisons Compromised . | . . . . Overloaded Fab Kills . | . . . . Fab Network Shutdowns . | . . . . Hacking | -11 -10 -10 -10 --------- Run | Scr Mat Min Exi Machines Accessed 2 | . 1 . 1 Terminals 1 | . 1 . . Fabricators . | . . . . Repair Stations . | . . . . Recycling Units . | . . . . Scanalyzers . | . . . . Garrison Access . | . . . . Total Hacks 3 | . 2 . 1 Successful 3 | . 2 . 1 Failed . | . . . . Catastrophic . | . . . . Database Lockouts . | . . . . Manual 3 | . 2 . 1 Terminals 2 | . 2 . . Fabricators . | . . . . Repair Stations . | . . . . Recycling Units . | . . . . Scanalyzers . | . . . . Garrison Access . | . . . . Terminal Hacks 3 | . 2 . 1 Branch Access Points 1 | . 1 . . Registered Components 1 | . 1 . . EX-Prototype ID Bank 1 | . . . 1 Fabricator Hacks . | . . . . Repair Station Hacks . | . . . . Recycling Unit Hacks . | . . . . Scanalyzer . | . . . . Garrison Access Hacks . | . . . . Unauthorized Hacks . | . . . . Terminals . | . . . . Fabricators . | . . . . Repair Stations . | . . . . Recycling Units . | . . . . Scanalyzers . | . . . . Garrison Access . | . . . . Data Cores Recovered . | . . . . Used . | . . . . Hacking Detections . | . . . . Full Trace Events . | . . . . Feedback Events . | . . . . Feedback Blocked . | . . . . Robot Schematics Acquired . | . . . . Robots Built . | . . . . Matter . | . . . . Time . | . . . . Total Robot Build Rating . | . . . . Part Schematics Acquired . | . . . . Parts Built . | . . . . Matter . | . . . . Time . | . . . . Total Part Build Rating . | . . . . Parts Repaired . | . . . . Time . | . . . . Parts Recycled . | . . . . Recycled Matter . | . . . . Retrieved Matter . | . . . . Retrieved Components . | . . . . Parts Scanalyzed . | . . . . Part Schematics Acquired . | . . . . Parts Damaged . | . . . . Bothacking | -11 -10 -10 -10 ------------ Run | Scr Mat Min Exi Used RIF Installer . | . . . . Robots Hacked . | . . . . Non-combat . | . . . . Combat . | . . . . Robot Hacks Applied . | . . . . Relay Couplers Released . | . . . . Robots Rewired . | . . . . Allies Hacked . | . . . . Hacks Repelled . | . . . . Allies | -11 -10 -10 -10 -------- Run | Scr Mat Min Exi Total Allies . | . . . . Largest Group . | . . . . Highest-Rated Group . | . . . . Highest-Rated Ally . | . . . . Total Orders . | . . . . Ally Attacks . | . . . . Total Damage . | . . . . Kills . | . . . . Allies Corrupted . | . . . . Allies Melted . | . . . . Intel | -11 -10 -10 -10 ------- Run | Scr Mat Min Exi Robot Analysis Total . | . . . . Derelict Logs Recovered 1 | . . 1 . Drone Launches . | . . . . Drone Recoveries . | . . . . Exploration | -11 -10 -10 -10 ------------- Run | Scr Mat Min Exi Turns Passed 814 | 60 108 240 406 Spaces Moved 554 | 44 72 185 253 Core 8 | 6 . . 2 Treads . | . . . . Legs 546 | 38 72 185 251 Wheels . | . . . . Hover . | . . . . Flight . | . . . . Fastest Speed 50 | 50 120 120 120 Average Speed 138 | 110 146 120 154 Slowest Speed 600 | 120 280 120 600 Overloaded Moves . | . . . . Propulsion Burnouts . | . . . . Robots Hopped . | . . . . Cave-ins Triggered . | . . . . Exploration Rate (%) 31 | 3 28 41 54 Regions Visited 3 Branch Regions 2 Pre-discovered Areas . | . . . . Known Exits Taken 1 | . 1 . . Unknown Exits Taken 2 | 1 . 1 . Scrap Searched . | . . . . Spaces Dug . | . . . . Terrain Destroyed 5 | . . . 5 Melee . | . . . . Projectile 5 | . . . 5 AOE . | . . . . Terrain Rammed . | . . . . Walls Destroyed . | . . . . Machines Disabled . | . . . . Actions | -11 -10 -10 -10 --------- Run | Scr Mat Min Exi Total 588 | 53 74 192 269 Wait 7 | 4 . . 3 Move 551 | 43 71 184 253 Hop . | . . . . Pick Up 4 | 1 . . 3 Fast Attach 8 | 5 2 . 1 Attach 3 | . . . 3 Detach 6 | . 1 1 4 Swap . | . . . . Drop 1 | . . . 1 Fire 8 | . . 7 1 Melee . | . . . . Ram . | . . . . Kick . | . . . . Crush . | . . . . Escape Stasis . | . . . . Rewire . | . . . . Trap . | . . . . Miscellaneous . | . . . . Route ------- -11/Scrapyard -10/Materials -10/Mines -10/Exiles History --------- Turn | Location | Event 7 | -11/Scrapyard | Discovered new exit (range 16) 61 | -11/Scrapyard | Entered Materials 81 | -10/Materials | Identified exit to Mines 169 | -10/Materials | Entered Mines 206 | -10/Mines | Met a Derelict bent on vengeance 304 | -10/Mines | Build established: Mutant 367 | -10/Mines | Learned Materials stockpile data 404 | -10/Mines | Deemed a non-threat by the Exiles lab entrance 404 | -10/Mines | Discovered new exit (range 5) 409 | -10/Mines | Entered Exiles 439 | -10/Exiles | Met 8R-AWN 459 | -10/Exiles | Met EX-HEX 493 | -10/Exiles | Met EX-BIN 557 | -10/Exiles | Aligned with FarCom system 558 | -10/Exiles | Given EX-Vault access code 586 | -10/Exiles | Opened EX-Vault 594 | -10/Exiles | Found AWS/Gauss 607 | -10/Exiles | Found AWS/Autocannon 672 | -10/Exiles | Found Army-in-a-Box 715 | -10/Exiles | Warned to stay clear of 0b10 Research branches 773 | -10/Exiles | Met EX-DEC 798 | -10/Exiles | Attacked by the Exiles 801 | -10/Exiles | Core integrity fell below 50% 810 | -10/Exiles | Core integrity fell below 20% 815 | -10/Exiles | Destroyed by DAS Turret with DAS Cannon Last Messages --------------- 00800_ EX-DEC deploys DAS Turret. 00800_ Slug penetrates DAS Turret. 00801_ Knocked back. 00801_ Slug penetrates Machine. 00801_ Slug penetrates Wall. 00802_ Acquired 10 matter. 00802_ Aluminum Leg destroyed. 00803_ Knocked back. 00803_ Slug penetrates DAS Turret. 00803_ Machine disabled. 00808_ Slug penetrates DAS Turret. 00809_ Knocked back. 00811_ EX-BIN: "I just want to science!" 00811_ Knocked back. 00811_ Slug penetrates WC-54I(z). 00811_ WC-54I(z) destroyed. 00812_ Slug penetrates Machine. 00812_ Machine disabled. 00813_ Knocked back. 00814_ Acquired 3 matter. Map ----- +----------------------------------------------------+ | ???????????????????????????????????? ??????# # | | ???????????????????????????????????????????# # | | ??????????????????????????????????????????## # | | ??????????????????????????????????????????#" | | ??????????????????????????????????????????#" | | ??????????????????????????????????????????#" | | ??????????????????????????????????????????#" | | ??????????????????????????????????????????#" | | ??????????????????????????????????????????#" | | ??????????????????????????????????????????## | | ???????????????????????????????????????????# | | ?????????????????????????????? ????????????#" | | ?????????????????????????????" ???????????#" | | ???????????????????????????? "??????????#" | | ?????????????? ##????????????" "?????????##" # | | ?????????????? #???????????# #????????##"" # | | ????????????? #####????### ###?######"" # | | ????????????? """#####X# #"###""""""" # | | ????????????? """""" " "" | | ?????????????# "" """ " | | ??????????????? " " | | ????????????????? | | ??????????????????# | | ???????????????????# | | ????????????????????# | | ?????????????????????#"% @ c | | ?????????????????????#""" % """""" | | ????????????????????##" % % ;#####""" | | ????????????????????#"" % a * ""##????##### | | ???????????????????##""" =% """##?????????# | | ???????????????????#""" =a "##??????????? | | ???????????????????#""" % ""#???????????? | | ???????????????????#"" ##???????????? | | ???????????????????#"" aa#??????????? | | ???????????????????#""% ????????? | | ???????????????????##" t a ???????? | | ????????????????????#" ??????? | | ????????????????????#; ??????? | | ????????????????????#; "??????? | | ????????????????????#; """ ""??????? | | ????????????????????##"" ""????????? | | ?????????????????????#" """"?????????? | | ??????????????????????""" ????????????? | | ???????????????????????? ????????????? | | ????????????????????????" ??????????????? | | ?????????????????????????"" ????????????????? | | ??????????????????????????""" ???????????????????? | | ?????????????????????????????????????????????????? | | ?????????????????????????????????????????????????? | | ?????????????????????????????????????????????????? | +----------------------------------------------------+ Best States ------------- Heat Dissipation 25 Energy Generation 10 Energy Capacity 250 Matter Stores 300 Matter Capacity 300 Sight Range 16 Terrain Scan Density 10 Evasion (%) 55 Item Schematics ----------------- None Robot Schematics ------------------ None Fabricated ------------ Nothing Alien Tech Used ----------------- None Achievements -------------- None Challenges ------------ None Game ------ Seed HardcellSurveybotTorch Manual? 0 Play Time 00:07:51 Cumulative 127.5 hours Start 2021.06.20 @ 19:25:35 End 2021.06.20 @ 19:38:21 Sessions 1 Manual Loads 0 Difficulty Rogue Special Mode None Game No. 184 Rogue 184 Adventurer 0 Explorer 0 Win Type - Total 5 Types 4/0/0/1/0/0/0/0/0 Lore% 49 Gallery% 73 Achievement% 58 Wizard Run 0 Options --------- ASCII 0 Keyboard 0 Movement Mouse Keybinds 0 Fullscreen 1 Font 18/Terminus Map View 76x50 Tactical HUD 1 Map Filters NONE Filters NONE Steam 1 RUN: b3c77c4f-a710-49b2-a95d-4e5ee4af29b2